 Dungeon Crawl Stone Soup version 0.20.1-1-g8b1a95d (console) character file.

2289 bli the Cutter (level 9, -5/71 (72) HPs)
             Began as a Formicid Abyssal Knight on Aug 6, 2017.
             Was an Elder of Lugonu.
             Slain by a hornet (8 damage)
             ... on level 6 of the Dungeon.
             The game lasted 00:22:10 (5477 turns).

bli the Cutter (Formicid Abyssal Knight)            Turns: 5477, Time: 00:22:11

HP:   -5/71 (72)    AC:  8    Str: 16    XL:     9   Next: 66%
MP:   10/10         EV: 17    Int: 13    God:    Lugonu [****..]
Gold: 376           SH:  0    Dex: 13    Spells: 8/8 levels left

rFire    + . .     SeeInvis +   a - +2 dagger (elec)
rCold    . . .     Gourm    .   (no shield)
rNeg     . . .     Faith    .   r - +3 leather armour
rPois    .         Spirit   .   (helmet unavailable)
rElec    .         Reflect  .   (no cloak)
rCorr    .         Harm     .   v - +0 pair of gloves
MR       .....                  F - +0 pair of boots
Stlth    +++.......             A - amulet of rage
Regen    0.3/turn               j - +4 ring of evasion
MPRegen  0.2/turn               E - ring of protection from fire

@: lethally poisoned (-5 -> -8)
A: permanent stasis, dig shafts and tunnels, four strong arms, antennae 3
a: Dig, Shaft Self, Depart the Abyss, Bend Space, Banish, Corrupt, Renounce
Religion


You were on level 6 of the Dungeon.
You worshipped Lugonu.
Lugonu was greatly pleased with you.
You were not hungry.

You visited 1 branch of the dungeon, and saw 6 of its levels.
You visited the Abyss 1 time.

You collected 376 gold pieces.

Inventory:

Hand Weapons
 a - a +2 dagger of electrocution (weapon)
 b - a +2 short sword of venom
 x - a +4 mace of crushing
 H - a cursed +1 scimitar
 I - a +4 long sword
Missiles
 i - 14 tomahawks (quivered)
 n - 194 stones
Armour
 e - a +0 pair of gloves
 o - a +0 leather armour
 r - a +3 leather armour (worn)
 v - a +0 pair of gloves (worn)
 F - a +0 pair of boots (worn)
Jewellery
 j - a +4 ring of evasion (left hand)
 A - an amulet of rage (around neck)
 C - an uncursed ring of protection from magic
 E - a ring of protection from fire (right hand)
Wands
 J - a wand of flame (6/48)
Scrolls
 d - a scroll of blinking {unknown}
 g - 4 scrolls of enchant weapon {unknown}
 h - 3 scrolls of remove curse {unknown}
 p - a scroll of random uselessness {unknown}
 u - 2 scrolls of identify {unknown}
 w - a scroll of fear {unknown}
 y - 3 scrolls of teleportation {unknown}
Potions
 k - 3 potions of haste {unknown}
 l - 2 potions of heal wounds {unknown}
 m - 2 potions of flight {unknown}
 q - 2 potions of might {unknown}
 s - a potion of mutation {unknown}
 t - a potion of cancellation {unknown}
 z - 3 potions of lignification {unknown}
 B - 2 potions of curing {unknown}
Comestibles
 c - 5 bread rations
 f - 5 meat rations
 D - 3 fruits
 G - 4 chunks of flesh


   Skills:
 * Level 7.3 Fighting
 * Level 7.6 Short Blades
 + Level 4.1 Armour
 + Level 3.8 Dodging
 * Level 7.2 Stealth
 + Level 2.3 Invocations


You had 8 spell levels left.
You didn't know any spells.

Dungeon Overview and Level Annotations

Branches:
Dungeon (6/15)
 Temple: D:4-7

Altars:
Elyvilon
Kikubaaqudgha
Makhleb
Sif Muna
Trog
The Shining One

Shops:
D:5 }


Innate Abilities, Weirdness & Mutations

You cannot be hasted, slowed, berserked, paralysed or teleported.
You can dig through walls and to a lower floor.
Your four strong arms can wield two-handed weapons with a shield.
You have a pair of large antennae on your head. (SInv)


Message History

* * * LOW HITPOINT WARNING * * *
Your stasis prevents you from being slowed.
You closely miss the hornet.
The hornet is moderately wounded.
The hornet stings you!
* * * LOW HITPOINT WARNING * * *
Your stasis prevents you from being paralysed.
You hit the hornet.
The hornet is moderately wounded.
You feel sick. The hornet misses you.
You hit the hornet but do no damage.
The hornet is moderately wounded.
The hornet stings you!
* * * LOW HITPOINT WARNING * * *
Your stasis prevents you from being slowed.
You closely miss the hornet.
The hornet is moderately wounded.
* * * LOW HITPOINT WARNING * * *
You feel sick. The hornet stings you!
You die...

#....o....###.....
#............#)...
#..o.........#....
#(...........#....
#######............#####
#.......o......#####
#.##.#.o########...#
#.......# #._.#
#....(oo# ###...###
#.#...#y# ##.......##
#......@# ##..)......##
#.......# #....≈≈≈....#
#?#...#.# ##...≈≈≈≈≈...#
#.......# #...≈≈...≈≈...
#.......# #...≈≈.>.≈≈...
#.#...#.# #...≈≈...≈≈...
#.......# ##...≈≈≈≈≈...#
.......# #....≈≈≈....#
##.........##
##.......##. ###...###..


You could see a hornet, an orc warrior, an orc priest and 2 orcs.

Vanquished Creatures
  Grinder (D:4)
  Menkaure (D:5)
  A sky beast (D:6)
  An ice beast (D:6)
  A necrophage (D:6)
  4 ogres
  A phantom (D:4)
  A centaur (D:6)
  Blork the orc (D:4)
  A scorpion (D:5)
  7 wights (D:6)
  A crimson imp (D:3)
  A bullfrog zombie (D:5)
  4 orc priests
  4 hounds
  A jelly (D:6)
  2 orc wizards (D:4)
  Jessica (D:6)
  2 worker ants
  A killer bee zombie (D:6)
  3 gnolls (D:3)
  A howler monkey skeleton (D:6)
  10 adders
  7 river rats (D:4)
  A shadow imp (D:6)
  An adder skeleton (D:4)
  2 worms
  3 dart slugs
  2 leopard geckos (D:2)
  13 orcs
  11 bats
  7 giant cockroaches
  5 goblins
  10 hobgoblins
  6 jackals
  10 kobolds
  2 quokkas
  6 frilled lizards
  2 leopard gecko skeletons
  A leopard gecko zombie (D:6)
  A quokka skeleton (D:4)
  27 rats
168 creatures vanquished.

Notes
Turn   | Place    | Note
-------+----------+-------------------------------------------
     0 | Abyss:1  | bli the Formicid Abyssal Knight began the quest for the Orb.
     0 | Abyss:1  | Reached XP level 1. HP: 18/18 MP: 2/2
    36 | Abyss:1  | Noticed an apocalypse crab
    40 | D:1      | Escaped the Abyss
    76 | D:1      | Reached * piety under Lugonu
   107 | D:1      | Reached XP level 2. HP: 19/24 MP: 3/3
   131 | D:1      | Reached skill level 1 in Dodging
   260 | D:1      | Reached skill level 1 in Stealth
   278 | D:1      | Reached XP level 3. HP: 17/30 MP: 4/4
  1138 | D:2      | Reached XP level 4. HP: 36/37 MP: 5/5
  1181 | D:2      | Reached ** piety under Lugonu
  1722 | D:2      | Found a bloodstained altar of Trog.
  1827 | D:3      | Reached XP level 5. HP: 43/43 MP: 6/6
  2061 | D:3      | Reached XP level 6. HP: 49/49 MP: 7/7
  2375 | D:3      | Reached *** piety under Lugonu
  2568 | D:4      | Noticed Blork the orc
  2574 | D:4      | Killed Blork the orc
  2574 | D:4      | Reached skill level 5 in Fighting
  2574 | D:4      | Reached XP level 7. HP: 48/56 MP: 8/8
  2719 | D:4      | Noticed Grinder
  2727 | D:4      | Killed Grinder
  2727 | D:4      | Reached skill level 5 in Stealth
  2992 | D:4      | Reached XP level 8. HP: 25/63 MP: 9/9
  3282 | D:4      | Reached **** piety under Lugonu
  3313 | D:4      | Reached skill level 5 in Short Blades
  4080 | D:5      | Entered Level 5 of the Dungeon
  4204 | D:5      | Found Wefevick's Gadget Boutique.
  4364 | D:5      | Noticed Menkaure
  4369 | D:5      | Killed Menkaure
  4369 | D:5      | Reached XP level 9. HP: 71/71 MP: 10/10
  4960 | D:6      | Found an ancient bone altar of Kikubaaqudgha.
  4971 | D:6      | Found a burning altar of Makhleb.
  4973 | D:6      | Found a glowing golden altar of the Shining One.
  5020 | D:6      | Found a deep blue altar of Sif Muna.
  5020 | D:6      | Found a white marble altar of Elyvilon.
  5354 | D:6      | Noticed Jessica
  5373 | D:6      | Found a deep blue altar of Sif Muna.
  5386 | D:6      | Killed Jessica
  5463 | D:6      | Noticed a hornet
  5477 | D:6      | HP: 3/71 [poisoned by a hornet]
  5477 | D:6      | Slain by a hornet

Skill      XL: |  1  2  3  4  5  6  7  8  9 |
---------------+----------------------------+-----
Dodging        | 1 2 3 |  3.8
Stealth        | 1 2 3 5 6 7 |  7.2
Fighting       | 4 5 6 7 |  7.3
Short Blades   | 3 4 6 7 |  7.6
Armour         | 3 4 |  4.1
Invocations    | |  2.3

Action                   |  1- 3 |  4- 6 |  7- 9 || total
-------------------------+-------+-------+-------++-------
Melee: Short sword       |   133 |    37 |    12 ||   182
       Dagger            |       |   131 |   275 ||   406
Invok: Depart the Abyss  |     1 |       |       ||     1
       Bend Space        |       |       |     3 ||     3
 Abil: Dig               |       |     2 |     3 ||     5
Evoke: Wand              |       |       |     2 ||     2
 Stab: Sleeping          |     1 |     3 |     7 ||    11
       Distracted        |       |     1 |     1 ||     2
  Eat: Chunk             |     1 |     5 |     5 ||    11
       Bread ration      |       |       |     1 ||     1
Armor: Leather armour    |    62 |    41 |    45 ||   148
Dodge: Dodged            |    91 |   116 |   127 ||   334
